 Dungeon Crawl Stone Soup version 0.31-a0-963-ga325b2283a (webtiles) character file.

Game seed: 4808893078792689005

210 Bnni the Chopper (level 5, 0/48 HPs)
             Began as a Hill Orc Monk on Oct 24, 2023.
             Slain by Pikel
             ... wielding a +0 whip of electrocution
              (7 damage)
             ... on level 4 of the Dungeon.
             The game lasted 00:03:22 (2773 turns).

Bnni the Chopper (Hill Orc Monk)                    Turns: 2773, Time: 00:03:22

Health: 0/48       AC:  7    Str: 16    XL:     5   Next: 87%
Magic:  5/5        EV: 10    Int: 10    God:
Gold:   28         SH:  0    Dex: 13    Spells: 4/4 levels left

rFire   . . .        f - +1 dagger (venom)
rCold   . . .        d - orb {light}
rNeg    . . .        p - +0 scale mail
rPois   .            (no helmet)
rElec   .            t - +0 cloak
rCorr   .            (no gloves)
SInv    .            (no boots)
Will    +....        (no amulet) Stlth
                     k - ring of willpower
HPRegen 0.28/turn    (no ring)
MPRegen 0.09/turn

%: no passive effects
@: confused, ambrosia-drunk, glowing
A: no striking features
a: no special abilities


You were on level 4 of the Dungeon.
You visited 1 branch of the dungeon, and saw 4 of its levels.

You collected 108 gold pieces.
You spent 80 gold pieces at shops.

Inventory:

Hand Weapons
 a - a +0 hand axe
 f - a +1 dagger of venom (weapon)
Missiles
 l - 2 boomerangs
 s - 5 poisoned darts
Armour
 d - an orb of light (worn)
 p - a +0 scale mail (worn)
 t - a +0 cloak (worn)
Jewellery
 k - a ring of willpower (left hand)
Wands
 q - a wand of polymorph (13)
Scrolls
 g - 5 scrolls of teleportation {unknown}
 i - 2 scrolls of enchant weapon {unknown}
 j - a scroll of blinking
 n - a scroll of poison
 o - 2 scrolls of fog {unknown}
 r - a scroll of fear
Potions
 b - a potion of curing
 e - a potion of cancellation {unknown}
 h - a potion of mutation
 m - a potion of heal wounds
 u - a potion of berserk rage {unknown}


   Skills:
 + Level 5.2 Fighting
 * Level 7.2 Axes
 - Level 2.4 Dodging


You had 4 spell levels left.
You didn't know any spells.
Your spell library contained the following spells:

 Spells                   Type           Power      Damage    Failure   Level
 Ignite Poison            Fire/Tmut/Pois 0%         N/A       99%         3
 Sticky Flame             Conj/Fire      0%         2d3       100%        4
 Ignition                 Fire           0%         3d3       100%        8


Dungeon Overview and Level Annotations

Branches:
Dungeon (4/15)
 Temple: D:4-7

Altars:

Shops:
D:2 :   D:3 ?   D:4 *

Annotations:
D:4 Pikel


Message History

The lemure is almost dead.
You kill the lemure!
That felt strangely unrewarding.
You barely miss Pikel. Pikel hits you but does no damage.
You are electrocuted!
You hit Pikel but do no damage.
Pikel is poisoned.
Pikel hits you with a +0 whip of electrocution.
Unknown command.
You hit Pikel but do no damage.
Pikel looks as sick as possible!
Pikel is lightly wounded.
Pikel barely misses you.
Unknown command.
You hit Pikel but do no damage.
Pikel is lightly wounded.
Pikel hits you with a +0 whip of electrocution.
Unknown command.
You are too injured to fight recklessly!
Unknown command.
You are too injured to fight recklessly!
Unknown command.
You are too injured to fight recklessly!
You hit Pikel but do no damage.
Pikel looks as sick as possible!
Pikel is lightly wounded.
Pikel hits you with a +0 whip of electrocution.
You hit Pikel but do no damage.
Pikel is moderately wounded.
Pikel completely misses you.
Unknown command.
You are confused.
You feel invigorated.
Pikel hits you with a +0 whip of electrocution.
You closely miss Pikel.
Pikel is moderately wounded.
Pikel hits you with a +0 whip of electrocution.
You are electrocuted!
* * * LOW HITPOINT WARNING * * *
Unknown command.
You bump into the rock wall.
Pikel hits you with a +0 whip of electrocution!
You die...
Pikel says, "See you in Hell!"

#.# #.# #.#
#.#######
#.......# ###
#######.# #.#
#.#####.#######
#..............
#.#####@####..#
)..# #K# .....#
#c# ###...#


og5 ##..# ..55. #..# ....... #..#......... ..........^ #..........## You could
see Pikel (extremely poisoned), 3 lemures, a centaur, an orc and a goblin.

Vanquished Creatures
  A lemure (D:4)
  A hound (D:4)
  An orc wizard (D:3)
  8 adders
  3 dart slugs
  5 orcs
  4 ball pythons
  2 endoplasms (D:1)
  4 giant cockroaches
  5 goblins
  2 hobgoblins (D:1)
  6 jackals (D:1)
  5 quokkas
  7 bats
  5 frilled lizards
  9 kobolds
  8 rats
76 creatures vanquished.

Notes
Turn   | Place    | Note
-------+----------+-------------------------------------------
     0 | D:1      | Bnni the Hill Orc Monk began the quest for the Orb.
     0 | D:1      | Reached XP level 1. HP: 19/19 MP: 1/1
    87 | D:1      | Reached XP level 2. HP: 23/27 MP: 2/2
   377 | D:1      | Reached skill level 5 in Axes
   384 | D:1      | Reached XP level 3. HP: 17/33 MP: 3/3
  1110 | D:2      | Reached XP level 4. HP: 38/41 MP: 4/4
  1290 | D:2      | Found Ogaulu Nyaso's Book Emporium.
  1386 | D:2      | Reached skill level 6 in Axes
  1835 | D:3      | Found Hyfual's Magic Scroll Shop.
  1855 | D:3      | Bought a scroll of identify for 20 gold pieces
  1855 | D:3      | Bought a scroll of identify for 20 gold pieces
  1992 | D:3      | Reached XP level 5. HP: 45/47 MP: 5/5
  2031 | D:3      | Reached skill level 5 in Fighting
  2471 | D:3      | Bought a scroll of fear for 40 gold pieces
  2567 | D:4      | Reached skill level 7 in Axes
  2659 | D:4      | Found Egyz's General Store.
  2750 | D:4      | Noticed a lemure
  2750 | D:4      | Noticed a lemure
  2750 | D:4      | Noticed Pikel
  2754 | D:4      | Noticed a lemure
  2755 | D:4      | Noticed a centaur
  2759 | D:4      | Noticed a lemure
  2764 | D:4      | Killed a lemure
  2773 | D:4      | Slain by Pikel

Illustrated notes

Levels and vault maps discovered:
D:1:      nzn_arrival_depleted_hourglass, layout_basic, grunt_decor_junction,
          dreamdust_princess_bridge, minmay_misc_feat_cross
D:2:      layout_rooms, serial_shops, nicolae_shop_tiny_waterfront,
          minmay_circled_x
D:3:      layout_basic, serial_shops, shop
D:4:      layout_loops_ring, gammafunk_temple_overflow_pools, serial_shops,
          nicolae_shop_crystal, serial_bayou_pond_b, uniq_natasha, uniq_pikel,
          uniq_crazy_yiuf_cottage

Skill      XL: |  1  2  3  4  5 |
---------------+----------------+-----
Fighting       | 4 5 |  5.2
Axes           | 5 6 7 |  7.2
Dodging        | |  2.4

Action                     |  1- 3 |  4- 6 || total
---------------------------+-------+-------++-------
  Melee: Hand axe          |    26 |       ||    26
         Dagger            |    72 |   118 ||   190
    Use: Scroll            |       |     5 ||     5
         Potion            |       |     1 ||     1
 Armour: Robe              |    53 |    13 ||    66
         Leather armour    |       |    13 ||    13
         Scale mail        |       |    64 ||    64
  Dodge: Dodged            |    77 |    72 ||   149

Table legend: (Time is in decaauts)
 A = Elapsed time spent in this place.
 B = Non-inter-level travel time spent in this place.
 C = Inter-level travel time spent in this place.
 D = Time resting spent in this place.
 E = Time spent auto-exploring this place.
 F = Levels seen in this place.
 G = Mean time per level.
                   A        B        C        D        E       F      G
               +--------+--------+--------+--------+--------+-----+--------+
         Total |   2773 |   2684 |     89 |    117 |   2099 |   4 |  693.2 |
       Dungeon |   2773 |   2684 |     89 |    117 |   2099 |   4 |  693.2 |
               +--------+--------+--------+--------+--------+-----+--------+

Top non-repeatable levels by time:
     D:1: 1004 daAuts
     D:3: 838 daAuts
     D:2: 636 daAuts
     D:4: 293 daAuts
